 Dungeon Crawl Stone Soup version 0.20.0-15-g7f486f2 (webtiles) character file.

70 qandnotyew the Chopper (level 4, -2/52 HPs)
             Began as a Demonspawn Monk on June 20, 2017.
             Slain by Sigmund
             ... wielding a +0 scythe of venom
              (6 damage)
             ... on level 2 of the Dungeon.
             The game lasted 00:02:39 (1563 turns).

qandnotyew the Chopper (Demonspawn Monk)            Turns: 1563, Time: 00:02:40

Health: -2/52      AC: 22    Str: 12    XL:     4   Next: 3%
Magic:  4/4        EV:  2    Int: 11    God:
Gold:   78         SH:  0    Dex: 21    Spells: 3/3 levels left

rFire    . . .     SeeInvis .   a - +0 hand axe
rCold    . . .     Gourm    .   (no shield)
rNeg     + + +     Faith    .   (armour currently unavailable)
rPois    +         Spirit   .   (helmet currently unavailable)
rElec    .         Reflect  .   (cloak currently unavailable)
rCorr    .         Harm     .   (gloves currently unavailable)
MR       .....     NoTele   +   (boots currently unavailable)
Stlth    +.........             (no amulet)
Regen    0.2/turn               l - +5 ring of dexterity
MPRegen  0.1/turn               (no ring)

@: confused, lethally poisoned (-2 -> -7), tree-form
A: no striking features
a: no special abilities


You were on level 2 of the Dungeon.
You were not hungry.
You were a tree.
You visited 1 branch of the dungeon, and saw 2 of its levels.

You collected 78 gold pieces.

Inventory:

Hand Weapons
 a - a +0 hand axe (weapon)
Armour
 b - a +0 robe (melded)
 k - a +2 helmet (melded)
Jewellery
 l - a +5 ring of dexterity (left branch)
Scrolls
 e - 3 scrolls of remove curse {unknown}
 f - a scroll of magic mapping {unknown}
 m - a scroll of enchant weapon {unknown}
 p - a scroll of noise {unknown}
 q - a scroll of teleportation {unknown}
Potions
 g - a potion of cancellation {unknown}
 i - a potion of ambrosia {unknown}
 o - a potion of mutation {unknown}
 r - a potion of heal wounds {unknown}
Comestibles
 c - 2 bread rations
 j - 2 meat rations
 n - 2 royal jellies


   Skills:
 - Level 3.0 Fighting
 + Level 3.8 Axes
 + Level 3.5 Dodging
 - Level 1.7 Stealth


You had 3 spell levels left.
You didn't know any spells.

Dungeon Overview and Level Annotations

Branches:
Dungeon (2/15)

Altars:

Annotations:
D:2 Sigmund


Innate Abilities, Weirdness & Mutations

((You have large cloven feet.))
((You are partially covered in slimy green scales. (AC +2)))


Message History

You feel sick. Something hits you but does no damage.
* * * LOW HITPOINT WARNING * * *
You feel sick.
* * * LOW HITPOINT WARNING * * *
You feel sick. Something completely misses you.
* * * LOW HITPOINT WARNING * * *
You feel sick. Something hits you but does no damage.
* * * LOW HITPOINT WARNING * * *
You feel sick. Something hits you but does no damage.
* * * LOW HITPOINT WARNING * * *
You feel sick.
You hear some strange, mumbled words.
You are confused.
* * * LOW HITPOINT WARNING * * *
You feel sick.
You hear some strange, mumbled words.
Something tries to affect you, but you resist.
Something hits you.
You die...

#............. #.#
#.###(######.#######.#
#(# #.........# #.#
#.###.###.# #.# #.#
#.....# #(#
#.###.##### #.#
#.....#
##.########.###
#.#{)♣......#
##.########## ###


There were no monsters in sight!

Vanquished Creatures
  Robin (D:2)
  A worm (D:2)
  2 dart slugs (D:1)
  3 leopard geckos (D:1)
  A giant cockroach (D:1)
  12 goblins
  12 hobgoblins
  3 bats (D:1)
  3 frilled lizards (D:1)
  4 kobolds
  2 rats (D:1)
44 creatures vanquished.

Notes
Turn   | Place    | Note
-------+----------+-------------------------------------------
     0 | D:1      | qandnotyew the Demonspawn Monk began the quest for the Orb.
     0 | D:1      | Reached XP level 1. HP: 18/18 MP: 1/1
   155 | D:1      | You fall through a shaft!
   166 | D:2      | Noticed Sigmund
   377 | D:1      | Gained mutation: You have large cloven feet. [demonic ancestry]
   377 | D:1      | Reached XP level 2. HP: 24/24 MP: 2/2
   980 | D:1      | Gained mutation: You are partially covered in slimy green scales. (AC +2) [demonic ancestry]
   980 | D:1      | Reached XP level 3. HP: 15/29 MP: 3/3
  1224 | D:2      | Noticed Robin
  1263 | D:2      | Killed Robin
  1481 | D:2      | Reached XP level 4. HP: 33/35 MP: 4/4
  1563 | D:2      | Slain by Sigmund

Skill      XL: |  1  2 |
---------------+-------+-----
Axes           | 3 |  3.8
Dodging        | 3 |  3.5
Fighting       | |  3.0
Stealth        | |  1.7

Action                   |  1- 3 |  4- 6 || total
-------------------------+-------+-------++-------
Melee: Hand axe          |   147 |     8 ||   155
       Kick              |    32 |     2 ||    34
  Use: Potion            |       |     2 ||     2
 Stab: Sleeping          |     2 |       ||     2
  Eat: Chunk             |     2 |       ||     2
Armor: Robe              |    30 |     3 ||    33
       Skin              |       |     7 ||     7
Dodge: Dodged            |   144 |    11 ||   155
